 Dungeon Crawl Stone Soup version 0.27-a0-1181-g5f64966fcc (webtiles) character file.

Game seed: 7300967677150769994

131 ZappyNine the Shield-Bearer (level 5, -3/42 HPs)
             Began as a Formicid Fighter on May 17, 2021.
             Killed from afar by Ijyb (19 damage)
             ... with a bolt of acid
             ... on level 3 of the Dungeon.
             The game lasted 00:02:55 (2858 turns).

ZappyNine the Shield-Bearer (Formicid Fighter)      Turns: 2858, Time: 00:02:56

Health: -3/42      AC:  3    Str: 22    XL:     5   Next: 37%
Magic:  5/5        EV:  8    Int:  7    God:
Gold:   38         SH: 10    Dex: 10    Spells: 4/4 levels left

rFire    . . .     SeeInvis +   e - +1 dagger (vamp)
rCold    . . .     Faith    .   c - +0 kite shield
rNeg     . . .     Spirit   .   b - +0 scale mail
rPois    .         Reflect  .   (helmet unavailable)
rElec    .         Harm     .   (no cloak)
rCorr    .         Rampage  .   (no gloves)
Will     .....                  (no boots)
Stlth    ..........             (no amulet)
HPRegen  0.14/turn              (no ring)
MPRegen  0.09/turn              (no ring)

@: corroded
A: permanent stasis, dig shafts and tunnels, antennae 3, four strong arms
a: Dig, Shaft Self


You were on level 3 of the Dungeon.
You visited 1 branch of the dungeon, and saw 3 of its levels.

You collected 38 gold pieces.

Inventory:

Hand Weapons
 a - a +0 flail
 e - a +1 vampiric dagger (weapon)
Missiles
 f - 13 stones
 h - 3 javelins
Armour
 b - a +0 scale mail (worn)
 c - a +0 kite shield (worn)
Jewellery
 n - an amulet of guardian spirit
 o - an amulet of reflection
Scrolls
 g - a scroll of magic mapping {unknown}
 j - a scroll of enchant armour {unknown}
 k - a scroll of identify {unknown}
 m - a scroll of fear {unknown}
 p - a scroll of blinking {unknown}
Potions
 d - a potion of might
 i - a potion of curing {unknown}
 l - a potion of heal wounds {unknown}


   Skills:
 + Level 4.2 Fighting
 - Level 2.9 Maces & Flails
 + Level 4.2 Armour
 + Level 4.7 Shields


You had 4 spell levels left.
You didn't know any spells.
Your spell library was empty.

Dungeon Overview and Level Annotations

Branches:
Dungeon (3/15)

Altars:
Okawaru

Annotations:
D:3 Ijyb


Innate Abilities, Weirdness & Mutations

You cannot be hasted, slowed, berserked, paralysed or teleported.
You can dig through walls and to a lower floor.
You have a pair of large antennae on your head. (SInv)
Your four strong arms can wield two-handed weapons with a shield.


Message History

There is an open door here.
You close the door.
Ijyb opens the door.
There is an open door here.
You see here a +0 chain mail.
Ijyb opens the door.
Ijyb zaps a wand.
The bolt of acid hits you!
* * * LOW HITPOINT WARNING * * *
The acid corrodes you!
You are splashed with acid!
* * * LOW HITPOINT WARNING * * *
You are no longer corroded.
Found an iron altar of Okawaru.
There is a stone staircase leading up here.
You climb upwards.
There is a stone staircase leading down here.
You start resting.
You start resting.
HP restored.
You climb downwards.
Level annotation: Ijyb Ijyb zaps a wand.
The bolt of acid hits you!
You are splashed with acid!
There is a stone staircase leading up here.
You climb upwards.
There is a stone staircase leading down here.
You start resting.
HP restored.
You start waiting.
Done waiting.
You climb downwards.
Level annotation: Ijyb
There is a stone staircase leading up here.
You climb upwards.
There is a stone staircase leading down here.
You climb downwards.
Level annotation: Ijyb Ijyb zaps a wand.
The bolt of acid hits you!! The acid corrodes you!
You are splashed with acid!
There is a stone staircase leading up here.
Ijyb zaps a wand.
The bolt of acid hits you!!
You die...

+........+.........#####..#
........#########........#
...... #....###...##.##.# #...#
#.##.............#
#...#####.########.#######
+...'.....# #{#
.######...#.....# #.# ###
....(.#...#.....########.#....#
......#...#.....@.............#
.........##.........g.......###
######...##.......####.####....
######...++.....#.# .... ..##
.....'...##.......# ......# ##
######...##...###.#.......#
#....'...+.... ......_.....
.>####...##### #.#.......#.
..#......#


You could see Ijyb.

Vanquished Creatures
  A hound skeleton (D:2)
  4 gnolls (D:3)
  2 adders
  2 worms
  A dart slug (D:1)
  3 ball pythons
  3 endoplasms
  4 giant cockroaches (D:2)
  8 goblins
  3 hobgoblins
  5 jackals (D:1)
  4 bats
  3 frilled lizards
  7 kobolds
  6 rats
56 creatures vanquished.

Notes
Turn   | Place    | Note
-------+----------+-------------------------------------------
     0 | D:1      | ZappyNine the Formicid Fighter began the quest for the Orb.
     0 | D:1      | Reached XP level 1. HP: 18/18 MP: 1/1
   219 | D:1      | Reached XP level 2. HP: 24/24 MP: 2/2
   654 | D:1      | Reached XP level 3. HP: 29/29 MP: 3/3
  1198 | D:2      | Reached XP level 4. HP: 35/37 MP: 4/4
  1458 | D:2      | Found a faded altar of an unknown god.
  1702 | D:3      | Reached XP level 5. HP: 31/42 MP: 5/5
  2273 | D:3      | Noticed Ijyb
  2292 | D:3      | HP: 1/42 [acid (8)]
  2319 | D:3      | Found an iron altar of Okawaru.
  2858 | D:3      | Killed from afar by Ijyb

Illustrated notes

Levels and vault maps discovered:
D:1:      shiori_arrival_oz, layout_basic
D:2:      minmay_spotlight, layout_basic, shapermc_ecumenical_altar_mp_vishouse,
          serial_bayou_pond_d
D:3:      minmay_general_purpose_star, layout_basic, old_standard_altar,
          minmay_misc_feat_four_crosses, minmay_distorted, uniq_ijyb,
          uniq_jessica

Skill      XL: |  1  2  3  4 |
---------------+-------------+-----
Shields        | 4 |  4.7
Fighting       | 4 |  4.2
Armour         | 4 |  4.2
Maces & Flails | |  2.9

Action                   |  1- 3 |  4- 6 || total
-------------------------+-------+-------++-------
Melee: Flail             |    20 |       ||    20
       Dagger            |   116 |   117 ||   233
 Abil: Dig               |     1 |     2 ||     3
  Use: Potion            |       |     1 ||     1
Armor: Scale mail        |    61 |    44 ||   105
Dodge: Dodged            |    41 |    46 ||    87
Block: Kite shield       |    64 |    51 ||   115

Table legend: (Time is in decaauts)
 A = Elapsed time spent in this place.
 B = Non-inter-level travel time spent in this place.
 C = Inter-level travel time spent in this place.
 D = Time resting spent in this place.
 E = Time spent auto-exploring this place.
 F = Levels seen in this place.
 G = Mean time per level.
                   A        B        C        D        E       F      G
               +--------+--------+--------+--------+--------+-----+--------+
         Total |   2910 |   2848 |     62 |    822 |   1446 |   3 |  970.0 |
       Dungeon |   2910 |   2848 |     62 |    822 |   1446 |   3 |  970.0 |
               +--------+--------+--------+--------+--------+-----+--------+

Top non-repeatable levels by time:
     D:2: 1353 daAuts
     D:1: 865 daAuts
     D:3: 690 daAuts
